 Dungeon Crawl Stone Soup version 0.29-a0-308-g4e025c60ea (webtiles) character file.

Game seed: 9723754646586820483

643519 Ijustatesigmund the Gargoyle Aeon (level 27, -5/169 HPs)
             Began as a Gargoyle Artificer on Mar 24, 2022.
             Was the Champion of Cheibriados.
             Killed from afar by a deep elf sorcerer (23 damage)
             ... with a bolt of acid
             ... on level 3 of the Elven Halls on Mar 28, 2022.
             The game lasted 03:16:26 (63452 turns).

Ijustatesigmund the Gargoyle Aeon (GrAr)           Turns: 63452, Time: 03:16:27

Health: -5/169     AC: 53    Str: 43    XL:     27
Magic:  26/35      EV: 17    Int: 35    God:    Cheibriados [******]
Gold:   5757       SH: 25    Dex: 29    Spells: 21/43 levels left

rFire   . . .      SeeInvis +   p - +7 eveningstar (holy)
rCold   + . .      Faith    .   O - +4 kite shield {AC+3}
rNeg    + + +      Spirit   .   b - +1 plate armour of Viub Veo {rN+ Regen+ Dex+4}
rPois   ∞          Reflect  +   f - +2 hat {SInv}
rElec   +          Harm     .   w - +3 cloak of the Kraken {Contam rC+ Str+7}
rCorr   +          Rampage  .   V - +2 pair of gloves {Str+3}
Will    +++..      Rage     1%  X - +2 pair of boots
Stlth   ..........              P - amulet "Cidorrot" {Reflect rN+ Regen+ Str+2 SH+5}
HPRegen 1.98/turn               J - +4 ring of slaying
MPRegen 0.24/turn               Z - ring of resist corrosion

@: about to teleport, flying, studying Staves, very slow
A: sickness immunity, AC +20, big wings, negative energy resistance 1,
electricity resistance, torment resistance 1, petrification resistance, talons
1, iridescent scales 1, see invisible, berserk 1, deformed body, dopey 2, frail
1, low MP 1, strong-willed 1, mutation resistance 1, weak 1, wild magic 1, no
potion heal 1, noise suppression
}: 5/15 runes: decaying, slimy, silver, abyssal, gossamer
a: Renounce Religion, Bend Time, Temporal Distortion, Slouch, Step From Time


You were on level 3 of the Elven Halls.
You worshipped Cheibriados.
Cheibriados was exalted by your worship.
You visited 11 branches of the dungeon, and saw 51 of its levels.
You visited the Abyss 4 times.
You also visited: Gauntlet, Ice Cave and Wizlab.

You collected 6907 gold pieces.
You spent 1150 gold pieces at shops.

Inventory:

Hand Weapons
 a - a +2 demon whip of freezing
 p - a +7 eveningstar of holy wrath (weapon)
 x - the +9 staff of Wucad Mu {*channel}
   (You found it in a wizard's laboratory)

   It occasionally powers its wielder's spells, but with a chance of causing
   confusion or draining the wielder's intelligence.
   It becomes more likely to activate and less likely to backfire with increased
   Evocations skill.
Missiles
 m - 24 silver javelins
Armour
 b - the +1 plate armour of Viub Veo (worn) {rN+ Regen+ Dex+4}
   (You found it on level 1 of the Vaults)

   Dex:       It affects your dexterity (+4).
   rN:        It protects you from negative energy.
   Regen:     It increases your rate of health regeneration.
 f - a +2 hat of see invisible (worn)
 w - the +3 cloak of the Kraken (worn) {Contam rC+ Str+7}
   (You acquired it in a wizard's laboratory)

   Str:       It affects your strength (+7).
   rC:        It protects you from cold.
   Contam:    It causes magical contamination when unequipped.
 O - a +4 kite shield of protection (worn)
 S - +1 ice dragon scales
 V - a +2 pair of gloves of strength (worn)
 X - a +2 pair of boots (worn)
Jewellery
 h - the ring of Muacool {rC+ Int+6 SInv}
   (You found it on level 1 of the Tomb of the Ancients)

   [ring of intelligence]

   Int:       It affects your intelligence (+6).
   rC:        It protects you from cold.
   SInv:      It lets you see invisible.
 r - the ring "Kyczaty" {rElec rPois rF+ rCorr}
   (You took it off a deep elf annihilator on level 5 of the Vaults)

   [ring of protection from fire]

   rF:        It protects you from fire.
   rElec:     It insulates you from electricity.
   rPois:     It protects you from poison.
   rCorr:     It protects you from acid and corrosion.
 J - a +4 ring of slaying (left hand)
 M - a ring of willpower
 N - a +4 ring of evasion
 P - the amulet "Cidorrot" (around neck) {Reflect rN+ Regen+ Str+2 SH+5}
   (You found it in a Gauntlet)

   [amulet of reflection]

   It reflects blocked missile attacks.
   Str:       It affects your strength (+2).
   rN:        It protects you from negative energy.
   Regen:     It increases your rate of health regeneration.
   SH:        It affects your SH (+5).
 Y - a ring of fire
 Z - a ring of resist corrosion (right hand)
Wands
 c - a wand of flame (73) (quivered)
 d - a wand of charming (8)
 l - a wand of digging (4)
 s - a wand of paralysis (2)
 y - a wand of acid (2)
 A - a wand of polymorph (30)
 B - a wand of mindburst (46)
Scrolls
 e - 2 scrolls of blinking
 i - 8 scrolls of immolation
 k - 2 scrolls of teleportation
 q - a scroll of summoning
 C - 3 scrolls of brand weapon
 G - 24 scrolls of identify
 H - 5 scrolls of amnesia
 I - 8 scrolls of fog
 R - 5 scrolls of magic mapping
Potions
 g - 3 potions of magic
 j - 7 potions of brilliance
 t - 11 potions of curing
 u - 10 potions of mutation
 v - 6 potions of might
 z - 10 potions of attraction
 D - 3 potions of berserk rage
 K - 8 potions of ambrosia
 L - 11 potions of lignification
 U - a potion of resistance
Miscellaneous
 T - a condenser vane (inert)
 W - a phantom mirror


   Skills:
 - Level 23.3 Fighting
 - Level 16.2 Maces & Flails
 - Level 15.6 Armour
 - Level 9.3 Dodging
 - Level 1.1 Stealth
 - Level 14.1 Shields
 - Level 8.9 Spellcasting
 * Level 9.7 Conjurations
 - Level 10.8 Necromancy
 - Level 6.4 Translocations
 + Level 9.3 Earth Magic
 + Level 24.2 Invocations
 - Level 8.0 Evocations


You had 21 spell levels left.
You knew the following spells:

 Your Spells              Type           Power      Damage    Failure   Level
a - Blink                 Tloc           100%       N/A       3%          2
b - Agony                 Necr           87%        N/A       9%          5
c - Lesser Beckoning      Tloc           68%        N/A       6%          3
d - Dispel Undead         Necr           87%        3d28      3%          4
e - Lehudib's Crystal Sp  Conj/Erth      41%        10d10     100%        8

Your spell library contained the following spells:

 Spells                   Type           Power      Damage    Failure   Level
 Animate Skeleton         Necr           100%       N/A       1%          1
 Magic Dart               Conj           100%       1d8       1%          1
 Pain                     Necr           100%       1d9       1%          1
 Searing Ray              Conj           100%       2d8       1%          2
 Vampiric Draining        Necr           87%        2d12      1%          3
 Stone Arrow              Conj/Erth      100%       3d13      2%          3
 Animate Dead             Necr           43%        N/A       3%          4
 Foxfire                  Conj/Fire      100%       2x1d9     4%          1
 Shock                    Conj/Air       100%       1d9       4%          1
 Corpse Rot               Necr/Air       100%       N/A       4%          2
 Gell's Gravitas          Tloc           68%        N/A       6%          3
 Teleport Other           Tloc           68%        N/A       6%          3
 Dazzling Flash           Conj/Hex       100%       N/A       11%         3
 Borgnjor's Vile Clutch   Necr/Erth      42%        N/A       12%         5
 Mephitic Cloud           Conj/Pois/Air  50%        N/A       19%         3
 Portal Projectile        Hex/Tloc       98%        N/A       21%         3
 Slow                     Hex            80%        N/A       24%         1
 Anguish                  Hex/Necr       31%        N/A       26%         4
 Flame Wave               Conj/Fire      60%        2d12      30%         4
 Call Imp                 Summ           20%        N/A       34%         2
 Ensorcelled Hibernation  Hex/Ice        40%        N/A       34%         2
 Poisonous Vapours        Pois/Air       40%        N/A       34%         2
 Scorch                   Fire           40%        2d7       34%         2
 Wereblood                Tmut           20%        N/A       34%         2
 Animate Armour           Summ/Erth      100%       N/A       34%         4
 Leda's Liquefaction      Hex/Erth       29%        N/A       34%         4
 Petrify                  Tmut/Erth      58%        N/A       34%         4
 Death Channel            Necr           43%        N/A       38%         6
 Manifold Assault         Tloc           68%        N/A       43%         5
 Call Canine Familiar     Summ           20%        N/A       54%         3
 Confusing Touch          Hex            20%        N/A       54%         3
 Spider Form              Tmut/Pois      20%        N/A       54%         3
 Summon Guardian Golem    Hex/Summ       20%        N/A       54%         3
 Swiftness                Air            20%        N/A       54%         3
 Tukima's Dance           Hex            20%        N/A       54%         3
 Iron Shot                Conj/Erth      41%        9d8       54%         6
 Fireball                 Conj/Fire      30%        3d13      63%         5
 Irradiate                Conj/Tmut      30%        3d23      63%         5
 Lightning Bolt           Conj/Air       30%        1d47      63%         5
 Freezing Cloud           Conj/Ice/Air   25%        6-21      83%         5
 Airstrike                Air            10%        N/A       90%         4
 Summon Lightning Spire   Summ/Air       20%        N/A       90%         4
 Dispersal                Tloc           34%        N/A       92%         6
 Orb of Destruction       Conj           41%        9d11      97%         7
 Simulacrum               Ice/Necr       31%        N/A       98%         6
 Blade Hands              Tmut           10%        N/A       99%         5
 Silence                  Hex/Air        10%        N/A       99%         5
 Summon Cactus Giant      Summ           10%        N/A       100%        6
 Enfeeble                 Hex            10%        N/A       100%        7
 Haunt                    Necr/Summ      31%        N/A       100%        7
 Spellforged Servitor     Conj/Summ      30%        N/A       100%        7
 Storm Form               Tmut/Air       10%        N/A       100%        7
 Summon Hydra             Summ           10%        N/A       100%        7
 Disjunction              Tloc           34%        N/A       100%        8
 Ignition                 Fire           10%        3d5       100%        8
 Infestation              Necr           43%        N/A       100%        8
 Maxwell's Capacitive Co  Air            10%        ∞         100%        8
 Necromutation            Tmut/Necr      31%        N/A       100%        8
 Sublimation of Blood     Necr           Unusable   N/A       N/A         2

Dungeon Overview and Level Annotations

Branches:
Dungeon (15/15)            Temple (0/1) D:7            Lair (6/6) D:11
  Swamp (4/4) Lair:2       Spider (4/4) Lair:2        Slime (5/5) Lair:6
    Orc (2/2) D:12            Elf (3/3) Orc:2        Vaults (5/5) D:14
  Crypt (3/3) Vaults:2       Tomb (1/3) Crypt:3      Depths (3/4) D:15
  IceCv (visited)          WizLab (visited)         Gauntlet (visited)

Altars:
Ashenzari
Cheibriados
Elyvilon
Gozag
Kikubaaqudgha
Okawaru
Qazlal
Ru
Sif Muna
Trog
Uskayaw
Vehumet
Xom
Zin
The Shining One
Beogh
Jiyva

Shops:
D:9 (   D:13 *   Orc:2 !(!=   Vaults:2 !

Portals:
Hell: Depths:1
Pandemonium: Depths:1 Depths:2

Annotations:
D:4 2 transporters, fritzmikael's ghost, amateur MfFi
D:8 2 transporters, BlueGoblin's ghost, novice SpMo
Depths:2 3 runed translucent doors, Sojobo; abdbla's ghost, adept GnFi


Innate Abilities, Weirdness & Mutations

You are immune to sickness and miasma.
Your stone body is resilient. (AC +20)
You are immune to poison.
Your large and strong wings let you fly.
You resist negative energy. (rN+)
You are resistant to electric shocks. (rElec)
You are resistant to unholy torment.
You are immune to petrification.
You have sharp toenails.
You are partially covered in iridescent scales. (AC +2)
You have supernaturally acute eyesight. (SInv)
You tend to lose your temper in combat.
Armour fits poorly on your strangely shaped body.
You are very dopey. (Int -4)
You are frail. (-10% HP)
Your magical capacity is low. (-10% MP)
You are strong-willed. (Will+)
You are somewhat resistant to further mutation.
You are weak. (Str -2)
Your spells are a little harder to cast, but a little more powerful.
Potions are less effective at restoring your health.
You passively dampen the noise of your surroundings.


Message History

The deep elf demonologist is engulfed in poison gas.
The deep elf demonologist is poisoned.
The deep elf annihilator is engulfed in poison gas.
The deep elf annihilator is poisoned.
The deep elf annihilator casts a spell.
The deep elf annihilator blinks!
The deep elf demonologist is engulfed in poison gas.
The deep elf demonologist is poisoned. x2
The deep elf demonologist mumbles some strange words.
The deep elf sorcerer is engulfed in poison gas.
The deep elf sorcerer looks even sicker.
You block the deep elf sorcerer's attack.
The jumping spider is engulfed in blazing flames.
The jumping spider leaps!
The hornet is engulfed in poison gas.
The hornet is poisoned.
The hornet stings you but does no damage.
The deep elf master archer is poisoned.
The deep elf master archer shoots an arrow.
The arrow hits you!
* * * LOW HITPOINT WARNING * * *
Your system partially rejects the healing.
You feel much better.
Your surroundings suddenly seem different.
The deep elf sorcerer shouts!
As you read the scroll of teleportation, it crumbles to dust.
You feel strangely unstable.
The deep elf sorcerer points at you and mumbles some strange words.
The bolt of acid hits you! You resist.
* * * LOW HITPOINT WARNING * * *
Your system partially rejects the healing.
You feel better.
You bludgeon the deep elf sorcerer!!
The deep elf sorcerer is heavily wounded.
The deep elf sorcerer gestures wildly while chanting.
The deep elf sorcerer seems to speed up.
You sock the deep elf sorcerer!
The deep elf sorcerer is severely wounded.
The deep elf sorcerer points at you and mumbles some strange words.
The bolt of acid hits you!! You resist.
You die...

..(.....e..
##'##.##
.e...e....##....
#.###)##
...e.....##.....
#.# ##'#
°.E.....##......
#.####..
..e....##.......
#.##....
.eE.e...........##
#.####.)
..ey.!...........##
#.# ###
.e...e............#
#.# #
................@.#
#.# #
2..3.1..........e.#
#####'### #
.#.........#......#
#.......# #
##....e....##.....#
#.......# #
.#.........###....#
#.......# #
#....e.3....####..#
#.......# # #e#
##.# #.......# #
#)# .# #.......# #
#.# #<......####


You could see a deep elf sorcerer (fast).

Vanquished Creatures
  the Royal Jelly (Slime:5)
  Dissolution (Slime:2)
  2 ancient liches (Vaults:5)
  The ghost of Kuomush the Cloud Mage, a veteran DgAE (Vaults:1)
  Mara (Depths:1)
  3 royal mummies
  Bai Suzhen (Crypt:3)
  Xtahua (Crypt:2)
  A golden dragon (Depths:2)
  Jory (Crypt:1)
  A bone dragon (Abyss:3)
  A hellephant (Abyss:4)
  Zenata (Vaults:1)
  4 tentacled monstrosities
  A lich (Crypt:2)
  2 deep elf blademasters
  3 titans (Vaults:5)
  Asterion (Spider:2)
  A deep elf master archer (Vaults:1)
  A walking frostbound tome (Depths:2)
  An Executioner (Abyss:4)
  4 ancient champions
  10 acid blobs
  9 sphinxes
  8 tentacled starspawn
  A thorn hunter (Swamp:3)
  4 tengu reavers
  3 revenants
  Agnes (Elf:1)
  2 storm dragons
  3 shadow dragons
  10 rockslimes
  The ghost of Essalna the Destroyer, an adept DsCj of Hepliaklqana (Swamp:2)
  A fenstrider witch (Swamp:4)
  19 azure jellies
  3 fire giants
  A balrug (Abyss:2)
  6 emperor scorpions
  The ghost of abdbla the Grappler, a journeyman TrMo of Okawaru (Swamp:1)
  2 iron dragons
  20 vault wardens
  2 curse skulls (Crypt:2)
  7 deep elf sorcerers
  2 orc warlords
  2 frost giants (Vaults:5)
  A cacodemon (Abyss:4)
  Louise (Swamp:2)
  8 ghost moths
  5 ghouls
  11 quicksilver oozes
  A deep elf elementalist (Elf:3)
  2 reapers
  7 broodmothers (Spider:4)
  A juggernaut skeleton (Abyss:2)
  The ghost of sfbr the Severer, a journeyman MiBe of Trog (Spider:2)
  33 ironbound preservers
  An ophan (Abyss:3)
  2 war gargoyles
  5 vampire knights
  A caustic shrike skeleton (Abyss:2)
  15 stone giants
  17 very ugly things
  2 ironbound thunderhulks
  3 deep elf demonologists (Vaults:5)
  2 eleionomae (Swamp:2)
  6 deep elf annihilators
  6 bennus (Tomb:1)
  6 bunyips
  4 dire elephants (Vaults:2)
  9 entropy weavers
  A minotaur (Gauntlet)
  An orange crystal statue (WizLab)
  3 spark wasps
  2 crystal guardians
  6 eidola
  A merfolk impaler (Abyss:3)
  7 mummy priests
  4 fire dragons
  6 deep elf death magi
  2 blizzard demons (Abyss:3)
  A green death (Abyss:2)
  8 ettins
  2 merfolk javelineers
  13 yaktaur captains
  10 jiangshi
  A spriggan zombie (Depths:1)
  10 great orbs of eyes
  Josephine (Swamp:1)
  7 boulder beetles
  31 vault guards
  A deep elf high priest (Elf:2)
  5 rakshasas
  An ice dragon (shapeshifter) (Vaults:5)
  2 peacekeepers
  A catoblepas (D:13)
  8 ice dragons
  18 hydras
  5 radroaches
  2 spriggan air magi
  An anaconda (Lair:5)
  4 jorogumos
  6 centaur warriors
  3 death knights
  A two-headed ogre (shapeshifter) (Elf:2)
  7 ironbound frosthearts
  23 dancing weapons
  5 ogre magi
  9 two-headed ogres
  Erica (D:10)
  A death scarab (Spider:2)
  9 alligators
  2 deep troll shamans (Depths:1)
  5 tengu warriors
  2 deep troll earth magi (Depths:2)
  6 vampire magi
  A death yak (Lair:6)
  12 deep elf knights
  10 spriggans
  2 spriggan berserkers (Depths:2)
  3 hell hogs (Abyss:4)
  An orc high priest (Elf:2)
  A soul eater (Crypt:1)
  11 thrashing horrors
  A sun demon (Depths:2)
  8 hell knights (Depths:2)
  9 wretched stars
  8 goliath frogs
  2 titan skeletons
  An iron troll (Depths:1)
  A spatial maelstrom (Abyss:3)
  5 pharaoh ants
  4 spriggan druids
  35 skeletal warriors
  A shadow demon (Abyss:3)
  A sun moth (Spider:2)
  A swamp dragon (shapeshifter) (Elf:2)
  4 steelbarb worms
  68 deep trolls
  A tengu zombie (Depths:1)
  3 glowing orange brains
  A death drake (shapeshifter) (Vaults:5)
  5 bog bodies
  16 ironbound convokers
  An iron giant zombie (Abyss:3)
  13 orb spiders
  12 deep elf archers
  2 flayed ghosts
  An anaconda zombie (Tomb:1)
  4 swamp dragons
  12 lindwurms
  A harpy (Vaults:2)
  Pikel (D:6)
  6 wizards
  5 phantasmal warriors
  7 necromancers
  6 orc knights
  4 cyclopes
  31 deep elf pyromancers
  34 deep elf zephyrmancers
  20 wolf spiders
  6 will-o-the-wisps
  2 iron dragon zombies
  10 shining eyes
  9 orc sorcerers
  A tengu skeleton (Vaults:5)
  36 ugly things
  A goliath frog skeleton (Crypt:2)
  A wolf spider (shapeshifter) (Depths:2)
  9 elephants (Lair:5)
  2 centaur zombies
  3 manticores
  A worldbinder (Abyss:2)
  A water nymph (shapeshifter) (D:10)
  2 moths of wrath
  2 ice statues (IceCv)
  2 apocalypse crabs (Abyss:4)
  A dire elephant zombie (Crypt:3)
  10 smoke demons
  12 black mambas
  A fire giant skeleton (Depths:1)
  19 vault sentinels
  19 cane toads
  4 torpor snails
  2 eyes of devastation
  An orange demon (Abyss:2)
  2 gargoyles
  A purple draconian zombie (Crypt:3)
  Maggie (D:7)
  An unseen horror (D:13)
  2 kobold demonologists
  Psyche (D:13)
  5 rime drakes
  2 efreet
  11 demonic crawlers
  9 komodo dragons
  2 orb spider zombies (Crypt:2)
  21 yaktaurs
  A tengu conjurer (Gauntlet)
  7 freezing wraiths
  A purple draconian skeleton (Crypt:1)
  9 ancient zymes
  5 trolls
  An iron troll zombie (Crypt:3)
  A yellow draconian skeleton (Crypt:1)
  42 guardian mummies
  A harpy zombie (Tomb:1)
  8 tyrant leeches
  A bloated husk (Swamp:1)
  6 meliai
  A queen bee (Abyss:4)
  A wind drake (shapeshifter) (D:14)
  A harpy skeleton (D:15)
  2 polar bears (D:10)
  A dream sheep (Lair:5)
  A shadow dragon simulacrum (Depths:1)
  9 hornets
  103 slime creatures
  19 raiju
  23 tarantellas
  2 ettin zombies
  20 blink frogs
  3 centaur simulacra
  11 water elementals
  20 culicivoras
  25 jumping spiders
  A shadow (D:6)
  A yak (shapeshifter) (Vaults:5)
  38 starcursed masses
  13 wraiths
  A vampire (D:11)
  A culicivora (shapeshifter) (D:13)
  2 air elementals
  4 wyverns
  A dire elephant simulacrum (Abyss:2)
  A fire bat (Abyss:2)
  35 flying skulls
  5 ynoxinuls
  5 basilisks
  23 humans
  Eustachio (D:6)
  12 golden eyes
  71 yaks
  16 ushabtiu
  5 fire elementals
  68 redbacks
  A black mamba skeleton (Crypt:2)
  2 steam dragons
  9 vampire mosquitoes
  6 neqoxecs
  3 swamp worm simulacra (Swamp:4)
  A yaktaur simulacrum (Vaults:5)
  5 chaos spawn
  3 redback simulacra
  Menkaure (D:6)
  24 large abominations
  16 swamp worms
  Edmund (D:5)
  6 wargs
  A spriggan simulacrum (Depths:1)
  15 hydra simulacra (Swamp:4)
  2 demonspawn zombies
  A two-headed ogre zombie (Crypt:1)
  7 hell hounds
  17 water moccasins
  2 floating eyes
  A demonspawn skeleton (Crypt:1)
  A faun skeleton (Crypt:2)
  A swamp drake (Swamp:1)
  2 ice beasts (D:10)
  12 orc warriors
  2 sky beasts
  26 wolves
  A black bear (Lair:2)
  A tengu (shapeshifter) (Vaults:4)
  4 boggarts (D:14)
  9 centaurs
  An elephant skeleton (Crypt:3)
  6 ogres
  11 small abominations
  3 kobold brigands
  3 phantoms
  3 necrophages
  4 scorpions
  12 bullfrogs
  A gnoll sergeant (D:8)
  2 earth elementals
  A warg zombie (Crypt:2)
  2 cane toad simulacra (Lair:4)
  An elf skeleton (Crypt:2)
  5 wights (D:8)
  9 killer bees (D:9)
  A lindwurm simulacrum (IceCv)
  2 elephant simulacra (Lair:4)
  A troll zombie (Crypt:3)
  A killer bee (shapeshifter) (Vaults:5)
  A howler monkey (D:11)
  A yak skeleton (Crypt:3)
  An electric eel (D:10)
  4 crimson imps (Abyss:2)
  2 quasits
  4 hounds
  A lava snake (Lair:5)
  8 komodo dragon simulacra (IceCv)
  2 centaur skeletons
  3 jellies
  9 orc priests
  Crazy Yiuf (D:5)
  2 gnoll shamans
  3 iron imps
  3 human skeletons
  3 iguanas
  29 orc wizards
  A lightning spire (Abyss:3)
  An ogre zombie (Crypt:1)
  24 mummies
  20 gnolls
  5 acid dragon simulacra (IceCv)
  11 adders
  3 shadow imps
  8 white imps
  6 ufetubi
  7 steam dragon simulacra (IceCv)
  5 swamp drake simulacra (Swamp:4)
  2 dart slugs
  67 orcs
  5 endoplasms
  4 giant cockroaches
  17 goblins
  4 hobgoblins
  2 jackals (D:5)
  2 quokkas
  6 ball pythons
  6 bats
  4 frilled lizards
  A goblin skeleton (Crypt:1)
  19 kobolds
  A kobold skeleton (Crypt:3)
  2 rats
  5 ball lightnings (Vaults:1)
  A briar patch (Swamp:3)
  3 foxfires (Abyss:3)
  A lurking horror (Abyss:4)
  4 starspawn tentacles
  A toadstool (D:3)
2344 creatures vanquished.

Vanquished Creatures (collateral kills)
  A two-headed ogre (Vaults:5)
  An orb spider (Spider:1)
  A tengu conjurer (Gauntlet)
  A redback (Spider:2)
  An ogre (Vaults:5)
  A gnoll sergeant (D:9)
  A killer bee (D:9)
  An orc priest (D:4)
  An orc wizard (D:9)
  A gnoll (D:4)
  An orc (D:4)
11 creatures vanquished.

Vanquished Creatures (others)
  A rockslime (Slime:5)
  A tengu reaver (Vaults:5)
  A fire giant (Vaults:3)
  A stone giant (Vaults:1)
  An ironbound preserver (Vaults:5)
  A minotaur (Vaults:1)
  A bunyip (Swamp:4)
  A vault guard (Vaults:5)
  An ogre mage (Vaults:5)
  A tengu warrior (Vaults:1)
  2 deep elf knights (Elf:2)
  An orc knight (Vaults:1)
  A deep elf zephyrmancer (Elf:3)
  A deep elf pyromancer (Elf:2)
  A blink frog (Depths:2)
  A redback (Spider:2)
  7 golden eyes (Abyss:4)
  A centaur (D:9)
  A gnoll shaman (D:4)
  3 gnolls
  An ufetubus (Abyss:4)
  A goblin (D:3)
  A ball lightning (Vaults:1)
  29 foxfires
  51 fungi
  A lurking horror (Abyss:4)
  82 plants
  27 starspawn tentacles
  4 toadstools (D:3)
226 creatures vanquished.

Grand Total: 2581 creatures vanquished

Notes
Turn   | Place    | Note
-------+----------+-------------------------------------------
     0 | D:1      | Ijustatesigmund the Gargoyle Artificer began the quest for
                  | the Orb.
     0 | D:1      | Reached XP level 1. HP: 12/12 MP: 1/1
   152 | D:1      | Reached skill level 1 in Maces & Flails
   152 | D:1      | Reached XP level 2. HP: 7/16 MP: 2/2
  1108 | D:2      | You fall into a shaft and drop 1 floor!
  1130 | D:3      | Reached XP level 3. HP: 3/21 MP: 3/3
  1798 | D:2      | Identified the +1 pair of gloves of Focus {Harm +Blink rC+}
  2315 | D:2      | Identified the amulet of Collomei {RegenMP Will+ Dex+5}
  2676 | D:2      | Reached XP level 4. HP: 26/26 MP: 4/4
  2893 | D:3      | Found a faded altar of an unknown god.
  3666 | D:4      | Reached XP level 5. HP: 7/31 MP: 5/5
  4333 | D:4      | Reached XP level 6. HP: 28/37 MP: 6/6
  4437 | D:4      | Found a transporter.
  4450 | D:4      | Noticed an orc warrior
  4458 | D:4      | Noticed fritzmikael's ghost (amateur MfFi)
  4681 | D:4      | Found a transporter.
  4946 | D:4      | Identified the +5 spear "Juonyc" {venom, Fragile rPois
                  | Will+ Dex+8}
  4961 | D:5      | Entered Level 5 of the Dungeon
  5073 | D:5      | Found an opulent altar of Gozag.
  5093 | D:5      | Reached XP level 7. HP: 28/42 MP: 7/7
  5417 | D:5      | Reached skill level 5 in Maces & Flails
  5456 | D:5      | Noticed Edmund
  5461 | D:5      | Killed Edmund
  5591 | D:5      | Found a broken altar of Ashenzari.
  5619 | D:5      | Reached skill level 5 in Fighting
  5716 | D:5      | Found a snail-covered altar of Cheibriados.
  5740 | D:5      | Became a worshipper of Cheibriados the Contemplative
  6174 | D:5      | Reached skill level 1 in Invocations
  6174 | D:5      | Reached XP level 8. HP: 43/50 MP: 8/8
  6707 | D:5      | Found a runed translucent door.
  6708 | D:5      | Noticed Crazy Yiuf
  6715 | D:5      | Killed Crazy Yiuf
  7000 | D:6      | Noticed Menkaure
  7011 | D:6      | Killed Menkaure
  7012 | D:6      | Reached skill level 2 in Invocations
  7311 | D:6      | Reached * piety under Cheibriados
  7312 | D:6      | Reached skill level 3 in Invocations
  7355 | D:6      | Noticed a shadow
  7358 | D:6      | Killed a shadow
  7360 | D:6      | Found a hide-covered altar of Uskayaw.
  7690 | D:6      | Reached skill level 4 in Invocations
  7771 | D:6      | Noticed Pikel
  7793 | D:6      | Killed Pikel
  7794 | D:6      | Reached skill level 5 in Invocations
  7794 | D:6      | Reached XP level 9. HP: 9/57 MP: 12/12
  8074 | D:6      | Noticed Eustachio
  8089 | D:6      | Killed Eustachio
  8385 | D:7      | Noticed Maggie
  8406 | D:7      | Killed Maggie
  8413 | D:7      | Reached ** piety under Cheibriados
  8431 | D:7      | Reached skill level 6 in Invocations
  8612 | D:7      | Noticed a gargoyle
  8622 | D:7      | Killed a gargoyle
  8759 | D:7      | Reached XP level 10. HP: 57/65 MP: 13/15
  8787 | D:7      | Reached skill level 7 in Invocations
  9234 | D:7      | Found a shimmering altar of Xom.
  9289 | D:7      | Found a staircase to the Ecumenical Temple.
  9593 | D:8      | Found a stormy altar of Qazlal.
  9785 | D:8      | Reached *** piety under Cheibriados
  9917 | D:8      | Reached skill level 8 in Invocations
 10426 | D:8      | Found a radiant altar of Vehumet.
 10427 | D:8      | Found a transporter.
 10436 | D:8      | Found a transporter.
 10438 | D:8      | Noticed BlueGoblin's ghost (novice SpMo)
 10543 | D:8      | Reached skill level 10 in Fighting
 11084 | D:9      | Found a sacrificial altar of Ru.
 11102 | D:9      | Noticed a two-headed ogre
 11112 | D:9      | Killed a two-headed ogre
 11113 | D:9      | Reached skill level 10 in Maces & Flails
 11255 | D:9      | Reached XP level 11. HP: 63/73 MP: 17/17
 11545 | D:9      | Reached **** piety under Cheibriados
 11709 | D:9      | Found a shimmering blue altar of Sif Muna.
 11756 | D:9      | Noticed a boulder beetle
 11761 | D:9      | Reached skill level 9 in Invocations
 11785 | D:9      | Killed a boulder beetle
 12142 | D:9      | Found Ynnyngotic's Antique Weapon Shop.
 12611 | D:9      | Found a glowing silver altar of Zin.
 12611 | D:9      | Found a white marble altar of Elyvilon.
 12612 | D:9      | Found a glowing golden altar of the Shining One.
 12657 | D:10     | Entered Level 10 of the Dungeon
 12657 | D:10     | Found a bloodstained altar of Trog.
 13067 | D:10     | Noticed a sixfirhy
 13324 | D:10     | Reached skill level 10 in Invocations
 13557 | D:10     | Noticed Erica
 13566 | D:10     | Killed Erica
 14158 | D:10     | Reached skill level 1 in Dodging
 14262 | D:11     | Noticed a cyclops
 14272 | D:11     | Killed a cyclops
 14273 | D:11     | Reached XP level 12. HP: 66/81 MP: 18/20
 14477 | D:11     | Reached skill level 5 in Armour
 14484 | D:11     | Noticed a two-headed ogre
 14492 | D:11     | Killed a two-headed ogre
 14510 | D:11     | Reached ***** piety under Cheibriados
 15105 | D:11     | Reached skill level 11 in Invocations
 15309 | D:11     | Found a staircase to the Lair.
 15421 | D:12     | Found a gate leading to a gauntlet.
 15475 | Gauntlet | Entered a Gauntlet
 15475 | Gauntlet | Found a transporter.
 15483 | Gauntlet | Noticed a tengu warrior
 15484 | Gauntlet | Found a transporter.
 15503 | Gauntlet | Found a transporter.
 15505 | Gauntlet | Found a large runed translucent door.
 15505 | Gauntlet | Found a large runed translucent door.
 15506 | Gauntlet | Found a large runed translucent door.
 15506 | Gauntlet | Found a large runed translucent door.
 15507 | Gauntlet | Found a large runed translucent door.
 15507 | Gauntlet | Found a runed translucent door.
 15507 | Gauntlet | Found a large runed translucent door.
 15507 | Gauntlet | Found a runed translucent door.
 15507 | Gauntlet | Found a large runed translucent door.
 15507 | Gauntlet | Found a large runed translucent door.
 15508 | Gauntlet | Found a large runed translucent door.
 15508 | Gauntlet | Found a large runed translucent door.
 15511 | Gauntlet | Found a transporter.
 15529 | Gauntlet | Found a transporter.
 15545 | Gauntlet | Found a large runed translucent door.
 15546 | Gauntlet | Found a large runed translucent door.
 15547 | Gauntlet | Found a large runed translucent door.
 15548 | Gauntlet | Found a runed translucent gate.
 15549 | Gauntlet | Found a transporter.
 15549 | Gauntlet | Found a runed translucent gate.
 15550 | Gauntlet | Found a runed translucent gate.
 15551 | Gauntlet | Found a large runed translucent door.
 15552 | Gauntlet | Found a large runed translucent door.
 15553 | Gauntlet | Found a large runed translucent door.
 15561 | Gauntlet | Found a transporter.
 15566 | Gauntlet | Noticed a green death
 15569 | Gauntlet | Noticed a death scarab
 15571 | Gauntlet | Noticed a death scarab
 15573 | Gauntlet | Found a transporter.
 15585 | Gauntlet | Found a transporter.
 15594 | Gauntlet | Noticed a reaper
 15597 | Gauntlet | Found a transporter.
 15615 | Gauntlet | Found a transporter.
 15635 | Gauntlet | Found a transporter.
 15637 | Gauntlet | Found a transporter.
 15675 | Gauntlet | Found a transporter.
 15682 | Gauntlet | Found a transporter.
 15704 | Gauntlet | Found a transporter.
 15706 | Gauntlet | Found a transporter.
 15710 | Gauntlet | Found a transporter.
 15732 | Gauntlet | Killed a tengu warrior
 15751 | Gauntlet | Identified the +2 leather armour of the Devil's Team
                  | {Int+2}
 15756 | Gauntlet | Identified the amulet "Cidorrot" {Reflect rN+ Regen+ Str+2
                  | SH+5}
 15806 | Gauntlet | Identified the +0 helmet "Ciunkuwo" {-Cast rPois rC-
                  | Will+++ Stlth+}
 15872 | Gauntlet | Identified the +5 broad axe "Dionnyri" {vorpal, rF+ rC+}
 15872 | Gauntlet | Noticed a minotaur
 15890 | Gauntlet | Killed a minotaur
 16247 | D:12     | Noticed Psyche
 16273 | D:13     | Killed Psyche
 16274 | D:13     | Reached XP level 13. HP: 48/87 MP: 21/21
 16836 | D:12     | Reached skill level 12 in Invocations
 16876 | D:12     | Found a staircase to the Orcish Mines.
 17310 | D:13     | Found Ryaceng's Assorted Antiques.
 17560 | D:13     | Reached skill level 5 in Dodging
 18364 | D:14     | Gained mutation: Your large and strong wings let you fly.
                  | [Gargoyle growth]
 18364 | D:14     | Reached XP level 14. HP: 95/95 MP: 23/23
 18388 | D:14     | Found a gate to the Vaults.
 19043 | Lair:1   | Entered Level 1 of the Lair of Beasts
 19412 | Lair:1   | Reached skill level 13 in Invocations
 19528 | Lair:1   | Gained mutation: Your flesh is cold resistant. (rC+)
                  | [potion of mutation]
 19528 | Lair:1   | Gained mutation: You expend magic power (3 MP) to
                  | strengthen your wands. [potion of mutation]
 19528 | Lair:1   | Gained mutation: You are agile. (Dex +2) [potion of
                  | mutation]
 20003 | Lair:2   | Found a hole to the Spider Nest.
 20231 | Lair:2   | Found a staircase to the Swamp.
 20716 | Lair:3   | Reached skill level 5 in Evocations
 20990 | Lair:4   | Reached ****** piety under Cheibriados
 21077 | Lair:4   | Found a frozen archway.
 21093 | IceCv    | Entered an ice cave
 22454 | Lair:5   | Reached skill level 10 in Armour
 22590 | Lair:5   | Reached XP level 15. HP: 101/101 MP: 25/25
 23432 | Lair:6   | Entered Level 6 of the Lair of Beasts
 23477 | Lair:6   | Learned a level 2 spell: Blink
 23483 | Lair:6   | Learned a level 5 spell: Agony
 23637 | Lair:6   | Reached skill level 14 in Invocations
 23647 | Lair:6   | Reached skill level 1 in Translocations
 23658 | Lair:6   | Reached skill level 1 in Necromancy
 24219 | Lair:6   | Found a staircase to the Slime Pits.
 24220 | Lair:6   | Found a viscous altar of Jiyva.
 25361 | Orc:1    | Entered Level 1 of the Orcish Mines
 25713 | Orc:2    | Entered Level 2 of the Orcish Mines
 26057 | Orc:2    | Found a staircase to the Elven Halls.
 26330 | Orc:2    | Paralysed by an orc sorcerer for 3 turns
 26339 | Orc:2    | Reached XP level 16. HP: 105/107 MP: 16/27
 26715 | Orc:2    | Reached skill level 15 in Invocations
 26729 | Orc:2    | Found Avvewy's Distillery.
 26756 | Orc:2    | Found a radiant altar of Vehumet.
 26766 | Orc:2    | Found Yjas Wisi's Antique Weapon Shoppe.
 26791 | Orc:2    | Found Seump's Distillery.
 26843 | Orc:2    | Bought a faintly glowing great mace for 391 gold pieces
 26843 | Orc:2    | Identified the +9 great mace "Wijos" {antimagic, rElec
                  | rPois SInv} (You bought it in a shop on level 2 of the
                  | Orcish Mines)
 26853 | Orc:2    | Paralysed by an orc sorcerer for 5 turns
 26862 | Orc:2    | Reached skill level 5 in Translocations
 26889 | Orc:2    | Found an ancient bone altar of Kikubaaqudgha.
 26913 | Orc:2    | Found Wepruov's Jewellery Emporium.
 27258 | Spider:1 | Entered Level 1 of the Spider Nest
 27502 | Spider:1 | Reached skill level 5 in Necromancy
 28494 | Spider:1 | Learned a level 3 spell: Lesser Beckoning
 28671 | Spider:2 | Reached skill level 1 in Spellcasting
 28687 | Spider:2 | Noticed Asterion
 28698 | Spider:2 | Killed Asterion
 28908 | Spider:2 | Reached skill level 5 in Spellcasting
 29346 | Spider:2 | Reached XP level 17. HP: 82/112 MP: 4/28
 29716 | Spider:2 | Found a runed translucent gate.
 29716 | Spider:2 | Found a runed translucent gate.
 29716 | Spider:2 | Found a runed translucent gate.
 29716 | Spider:2 | Noticed sfbr's ghost (journeyman MiBe)
 29872 | Spider:2 | Identified the +0 robe "Ywkizis" {Regen+ Int+2 Dex+3 SInv}
 30005 | Spider:2 | Killed sfbr's ghost
 31348 | Spider:4 | Entered Level 4 of the Spider Nest
 32846 | Spider:4 | Reached skill level 10 in Necromancy
 32871 | Spider:4 | Gained mutation: You are weak. (Str -2) [mutagenic glow]
 33259 | Spider:4 | Got a gossamer rune of Zot
 33615 | Swamp:1  | Entered Level 1 of the Swamp
 33690 | Swamp:1  | Noticed abdbla's ghost (journeyman TrMo)
 33691 | Swamp:1  | Found a runed translucent gate.
 33692 | Swamp:1  | Found a runed translucent gate.
 33693 | Swamp:1  | Found a runed translucent gate.
 33705 | Swamp:1  | Reached XP level 18. HP: 88/118 MP: 30/30
 33795 | Swamp:1  | Noticed Josephine
 33815 | Swamp:1  | Killed Josephine
 33816 | Swamp:1  | Reached skill level 15 in Fighting
 33856 | Swamp:1  | Killed abdbla's ghost
 34253 | Swamp:1  | Reached skill level 16 in Invocations
 34570 | Swamp:2  | Noticed Louise
 34635 | Swamp:2  | Killed Louise
 34910 | Swamp:2  | Noticed a tentacled monstrosity
 34929 | Swamp:2  | Killed a tentacled monstrosity
 34939 | Swamp:2  | Noticed Essalna's ghost (adept DsCj)
 35077 | Swamp:2  | Found a runed translucent gate.
 35077 | Swamp:2  | Found a runed translucent gate.
 35077 | Swamp:2  | Found a runed translucent gate.
 35100 | Swamp:2  | Killed Essalna's ghost
 35118 | Swamp:2  | Identified the +10 quarterstaff of Seto {vorpal, rF+ Int-2
                  | SInv}
 35810 | Swamp:4  | Entered Level 4 of the Swamp
 36420 | Swamp:4  | Got a decaying rune of Zot
 36946 | Elf:1    | Entered Level 1 of the Elven Halls
 37161 | Vaults:1 | Entered Level 1 of the Vaults
 37647 | Vaults:1 | Found a runed translucent gate.
 37648 | Vaults:1 | Found a runed translucent gate.
 37648 | Vaults:1 | Found a runed translucent gate.
 37648 | Vaults:1 | Noticed a deep elf master archer
 37648 | Vaults:1 | Noticed Kuomush's ghost (veteran DgAE)
 37729 | Vaults:1 | Reached XP level 19. HP: 54/125 MP: 31/31
 37869 | Vaults:1 | Reached skill level 15 in Maces & Flails
 38774 | Vaults:1 | Reached skill level 17 in Invocations
 38914 | Vaults:1 | Identified the +1 plate armour of Viub Veo {rN+ Regen+
                  | Dex+4}
 39131 | Vaults:1 | Noticed Zenata
 39203 | Vaults:1 | Found an iron altar of Okawaru.
 39339 | Vaults:1 | Killed Zenata
 39595 | Vaults:1 | Killed Kuomush's ghost
 40175 | Vaults:2 | Found Wixkyal's Distillery.
 40367 | Vaults:2 | Bought a potion of heal wounds for 115 gold pieces
 40367 | Vaults:2 | Bought a potion of heal wounds for 115 gold pieces
 40367 | Vaults:2 | Bought a potion of resistance for 230 gold pieces
 40367 | Vaults:2 | Bought 2 potions of might for 184 gold pieces
 40367 | Vaults:2 | Bought a potion of berserk rage for 115 gold pieces
 40657 | Vaults:2 | Reached XP level 20. HP: 133/133 MP: 10/32
 41163 | Crypt:1  | Entered Level 1 of the Crypt
 41294 | Crypt:1  | Reached skill level 1 in Shields
 41647 | Crypt:1  | Reached skill level 5 in Shields
 42361 | Crypt:3  | Entered Level 3 of the Crypt
 42526 | Crypt:2  | Noticed Jory
 42586 | Crypt:1  | Killed Jory
 42740 | Crypt:2  | Reached skill level 10 in Shields
 43181 | Crypt:3  | Noticed Xtahua
 43196 | Crypt:2  | Killed Xtahua
 43534 | Crypt:3  | Found a staircase to the Tomb.
 43693 | Crypt:3  | Reached XP level 21. HP: 139/139 MP: 33/33
 43883 | Crypt:3  | Noticed Bai Suzhen
 43884 | Crypt:3  | Upgraded the game from 0.29-a0-299-g4c793a2ed2 to
                  | 0.29-a0-303-ge4682ce883
 43896 | Crypt:3  | Killed Bai Suzhen
 44065 | Crypt:3  | Noticed a royal mummy
 44076 | Crypt:3  | Killed a royal mummy
 44601 | Crypt:3  | Got the Compendium of Evil
 44613 | Crypt:3  | Learned a level 4 spell: Dispel Undead
 44887 | Tomb:1   | Entered Level 1 of the Tomb of the Ancients
 45018 | Tomb:1   | Paralysed by a sphinx for 3 turns
 45025 | Tomb:1   | Paralysed by a sphinx for 4 turns
 45398 | Tomb:1   | Noticed a royal mummy
 45408 | Tomb:1   | Noticed a royal mummy
 45414 | Tomb:1   | Killed a royal mummy
 45531 | Tomb:1   | Killed a royal mummy
 45693 | Tomb:1   | Identified the ring of Muacool {rC+ Int+6 SInv}
 46423 | Vaults:2 | Cast into level 2 of the Abyss (a deep elf sorcerer)
 46675 | Abyss:3  | Noticed a bone dragon
 46691 | Abyss:3  | Killed a bone dragon
 46700 | Abyss:3  | Gained mutation: Your spells are a little easier to cast,
                  | but a little less powerful. [a neqoxec]
 46701 | Abyss:3  | Gained mutation: You tend to lose your temper in combat. [a
                  | neqoxec]
 47256 | Abyss:4  | Gained mutation: You occasionally shout uncontrollably at
                  | your foes. [a neqoxec]
 47257 | Abyss:4  | Gained mutation: You frequently scream uncontrollably at
                  | your foes. [a neqoxec]
 47261 | Abyss:4  | Gained mutation: Potions are less effective at restoring
                  | your health. [a neqoxec]
 47277 | Abyss:4  | Gained mutation: You are dopey. (Int -2) [a neqoxec]
 47290 | Abyss:4  | Gained mutation: Your body sometimes deteriorates upon
                  | taking damage. [a neqoxec]
 47616 | Abyss:4  | Gained mutation: You are very dopey. (Int -4) [a cacodemon]
 47669 | Abyss:4  | Gained mutation: Your spells are easier to cast, but less
                  | powerful. [a neqoxec]
 47676 | Abyss:4  | Paralysed by accursed screaming for 2 turns
 47727 | Vaults:2 | Escaped the Abyss
 48030 | Vaults:2 | Lost mutation: You are weak. (Str -2) [potion of mutation]
 48030 | Vaults:2 | Lost mutation: Your body sometimes deteriorates upon taking
                  | damage. [potion of mutation]
 48030 | Vaults:2 | Lost mutation: Your spells are easier to cast, but less
                  | powerful. [potion of mutation]
 48030 | Vaults:2 | Gained mutation: You are partially covered in iridescent
                  | scales. (AC +2) [potion of mutation]
 48030 | Vaults:2 | Gained mutation: Armour fits poorly on your strangely
                  | shaped body. [potion of mutation]
 48031 | Vaults:2 | Lost mutation: You are very dopey. (Int -4) [potion of
                  | mutation]
 48031 | Vaults:2 | Lost mutation: Your flesh is cold resistant. (rC+) [potion
                  | of mutation]
 48031 | Vaults:2 | Lost mutation: Your spells are a little easier to cast, but
                  | a little less powerful. [potion of mutation]
 48034 | Vaults:2 | Lost mutation: You tend to lose your temper in combat.
                  | [potion of mutation]
 48034 | Vaults:2 | Lost mutation: You are agile. (Dex +2) [potion of mutation]
 48034 | Vaults:2 | Lost mutation: You frequently scream uncontrollably at your
                  | foes. [potion of mutation]
 48034 | Vaults:2 | Gained mutation: Your spells are a little harder to cast,
                  | but a little more powerful. [potion of mutation]
 48034 | Vaults:2 | Gained mutation: You have sharp toenails. [potion of
                  | mutation]
 48035 | Vaults:2 | Lost mutation: Armour fits poorly on your strangely shaped
                  | body. [potion of mutation]
 48035 | Vaults:2 | Lost mutation: You occasionally shout uncontrollably at
                  | your foes. [potion of mutation]
 48035 | Vaults:2 | Lost mutation: You are partially covered in iridescent
                  | scales. (AC +2) [potion of mutation]
 48035 | Vaults:2 | Gained mutation: You are strong-willed. (Will+) [potion of
                  | mutation]
 48035 | Vaults:2 | Gained mutation: You are partially covered in iridescent
                  | scales. (AC +2) [potion of mutation]
 48035 | Vaults:2 | Gained mutation: Your muscles are strong. (Str +2) [potion
                  | of mutation]
 48136 | D:15     | Entered Level 15 of the Dungeon
 48550 | D:15     | Reached skill level 18 in Invocations
 48552 | D:15     | Reached skill level 15 in Armour
 48810 | D:15     | Cast into level 2 of the Abyss (a wizard)
 49037 | Abyss:2  | Found a corrupted altar of Lugonu.
 49488 | Abyss:2  | Gained mutation: You have supernaturally acute eyesight.
                  | (SInv) [a shining eye]
 49489 | Abyss:2  | Gained mutation: You tend to lose your temper in combat. [a
                  | shining eye]
 49782 | Abyss:3  | Reached XP level 22. HP: 76/148 MP: 30/35
 49782 | Abyss:3  | Reached XP level 23. HP: 78/153 MP: 30/36
 49782 | Abyss:3  | Got an abyssal rune of Zot
 49791 | D:15     | Escaped the Abyss
 49845 | D:15     | Found a staircase to the Depths.
 49924 | Depths:1 | Entered Level 1 of the Depths
 49952 | Depths:1 | You are sucked into a shaft and drop 1 floor!
 49957 | Depths:2 | Found a one-way gate leading to the halls of Pandemonium.
 50058 | Depths:1 | Found a gateway to Hell.
 50170 | Depths:1 | Reached XP level 24. HP: 158/159 MP: 36/36
 50390 | Depths:1 | Learned a level 8 spell: Lehudib's Crystal Spear
 50427 | Depths:1 | Found a shimmering altar of Xom.
 50429 | Depths:1 | Found a shimmering altar of Xom.
 50429 | Depths:1 | Found a shimmering altar of Xom.
 50430 | Depths:1 | Found a shimmering altar of Xom.
 50433 | Depths:1 | Found a shimmering altar of Xom.
 50433 | Depths:1 | Found a shimmering altar of Xom.
 50439 | Depths:1 | Found a shimmering altar of Xom.
 50625 | Depths:1 | Reached skill level 1 in Earth Magic
 50628 | Depths:1 | Reached skill level 1 in Conjurations
 50687 | Depths:1 | Paralysed by a floating eye for 2 turns
 51086 | Depths:1 | Noticed Mara
 51088 | Depths:1 | Noticed Ijustatesigmund's illusion
 51097 | Depths:1 | Noticed Ijustatesigmund's illusion
 51097 | Depths:1 | Killed Mara
 51168 | Depths:2 | Paralysed by a floating eye for 4 turns
 51358 | Depths:2 | Found a runed translucent gate.
 51358 | Depths:2 | Found a runed translucent gate.
 51358 | Depths:2 | Found a runed translucent gate.
 51362 | Depths:2 | Noticed a dread lich
 51366 | Depths:2 | Noticed abdbla's ghost (adept GnFi)
 51369 | Depths:2 | Noticed a dread lich
 51439 | Depths:2 | Reached skill level 19 in Invocations
 51555 | Depths:2 | Reached skill level 5 in Earth Magic
 51645 | Depths:2 | Reached skill level 5 in Conjurations
 51731 | Depths:2 | Found the amulet of the Four Winds {rN+ Will+++ Clar}
 51985 | Depths:2 | Cast into level 2 of the Abyss (hell knight)
 52065 | Abyss:2  | Found a corrupted altar of Lugonu.
 52086 | Abyss:2  | Found a corrupted altar of Lugonu.
 52189 | Depths:2 | Escaped the Abyss
 52195 | Depths:2 | Noticed Sojobo
 52208 | Depths:2 | Paralysed by an air elemental for 1 turns
 52510 | Depths:2 | Paralysed by an air elemental for 1 turns
 52515 | Depths:2 | Paralysed by an air elemental for 1 turns
 52515 | Depths:2 | HP: 1/159 [air elemental[Sojobo] (8)]
 53473 | Vaults:3 | You are sucked into a shaft and drop 1 floor!
 53525 | Vaults:4 | Identified 2 scrolls of acquirement
 53564 | Vaults:4 | Found a magical portal.
 53570 | WizLab   | Entered Wucad Mu's Monastery
 53571 | WizLab   | Acquired the +3 cloak of the Kraken {Contam rC+ Str+7}
 53595 | WizLab   | Acquired a book of the Warp
 53974 | WizLab   | Found the +9 staff of Wucad Mu {*channel}
 54669 | Vaults:4 | Reached skill level 20 in Invocations
 54927 | Vaults:4 | Reached XP level 25. HP: 166/166 MP: 37/37
 55430 | Vaults:5 | Entered Level 5 of the Vaults
 55965 | Vaults:4 | Reached XP level 26. HP: 173/173 MP: 37/37
 55968 | Vaults:5 | Noticed an ancient lich
 55970 | Vaults:5 | Noticed an ancient lich
 56022 | Vaults:5 | Killed an ancient lich
 56080 | Vaults:5 | Reached skill level 21 in Invocations
 56144 | Vaults:5 | Killed an ancient lich
 56318 | Vaults:5 | Identified the ring "Kyczaty" {rElec rPois rF+ rCorr}
 56567 | Vaults:5 | Identified the +0 chain mail "Pamon" {rPois rN+ Int-5}
 56698 | Vaults:4 | Upgraded the game from 0.29-a0-303-ge4682ce883 to
                  | 0.29-a0-308-g4e025c60ea
 57194 | Vaults:5 | Reached skill level 22 in Invocations
 57524 | Vaults:5 | Got a silver rune of Zot
 57536 | Vaults:5 | Got Sif Muna's Incunabulum of Displacement and Flames
 57809 | Vaults:5 | Identified the +3 mace of Eloozaq {freeze, rF- Str+7 Int+4
                  | Dex+4}
 58366 | Slime:1  | Entered Level 1 of the Pits of Slime
 58465 | Slime:2  | Gained mutation: Armour fits poorly on your strangely
                  | shaped body. [a shining eye]
 58473 | Slime:2  | Lost mutation: Your muscles are strong. (Str +2) [a shining
                  | eye]
 58475 | Slime:2  | Gained mutation: Your magical capacity is low. (-10% MP) [a
                  | shining eye]
 58475 | Slime:2  | Gained mutation: You are weak. (Str -2) [a shining eye]
 58477 | Slime:2  | Gained mutation: You are somewhat resistant to further
                  | mutation. [a shining eye]
 58488 | Slime:2  | Reached XP level 27. HP: 184/184 MP: 25/34
 58743 | Slime:3  | Gained mutation: You passively dampen the noise of your
                  | surroundings. [a shining eye]
 58747 | Slime:3  | Gained mutation: You are frail. (-10% HP) [a shining eye]
 58838 | Slime:2  | Lost mutation: You expend magic power (3 MP) to strengthen
                  | your wands. [a shining eye]
 58843 | Slime:2  | Gained mutation: You are very dopey. (Int -4) [a shining
                  | eye]
 58898 | Slime:2  | Noticed Dissolution
 58900 | Slime:2  | Paralysed by a floating eye for 3 turns
 58910 | Slime:2  | Killed Dissolution
 59809 | Slime:5  | Entered Level 5 of the Pits of Slime
 59926 | Slime:5  | Reached skill level 23 in Invocations
 59955 | Slime:5  | Noticed the Royal Jelly
 59972 | Slime:5  | Killed the Royal Jelly
 60160 | Slime:5  | Got a slimy rune of Zot
 60190 | Slime:5  | Found the +8 Vampire's Tooth {vamp}
 60190 | Slime:5  | Found the +5 scythe "Finisher" {speed, eviscerate}
 60198 | Slime:5  | Identified the +1 leather armour of Hangman {Dex+4 SInv}
 60729 | Elf:1    | Got the Almanac of Floating Shape Shifting
 60731 | Elf:1    | Noticed Agnes
 60737 | Elf:1    | Killed Agnes
 60908 | Elf:1    | Got the Grimoire of Combat Magic
 61312 | Elf:1    | You are sucked into a shaft and drop 1 floor!
 61365 | Elf:2    | Found a runed translucent gate.
 61371 | Elf:2    | Found a runed translucent gate.
 61376 | Elf:2    | Found a runed translucent gate.
 61613 | Elf:1    | Cast into level 2 of the Abyss (a deep elf sorcerer)
 61618 | Elf:1    | Escaped the Abyss
 62199 | Elf:2    | Reached skill level 24 in Invocations
 62898 | Elf:3    | Entered Level 3 of the Elven Halls
 63021 | Elf:3    | Paralysed by an air elemental for 1 turns
 63452 | Elf:3    | Killed from afar by a deep elf sorcerer

Illustrated notes

Levels and vault maps discovered:
D:1:      saegor_arrival_simple_e, layout_basic
D:2:      layout_rooms
D:3:      cheibrodos_greedy_goblins, layout_basic,
          hellmonk_ecumenical_altar_leap_of_faith, grunt_ministairs_7,
          minmay_gold_behind_fungi
D:4:      layout_basic, gammafunk_ghost_arena
D:5:      layout_loops_ring, nicolae_ashenzari_panopticon, lemuel_round_altar,
          kennysheep_slug_shrine, serial_aquarium, aquarium_bridge_square
          [aquarium_subvault_wall, aquarium_subvault_bridge,
          aquarium_subvault_window, aquarium_subvault_window],
          aquarium_bridge_square [aquarium_subvault_bridge,
          aquarium_subvault_wall, aquarium_subvault_bridge,
          aquarium_subvault_wall], aquarium_window_double, aquarium_window_fake,
          aquarium_view_2c, minmay_hedge_maze, uniq_crazy_yiuf_cottage,
          uniq_edmund
D:6:      layout_basic, nicolae_overflow_hidden_temple,
          chequers_serial_rivers_small_a, uniq_menkaure, uniq_eustachio,
          uniq_pikel
D:7:      layout_basic, mainiacjoe_overflow_surrounded_room,
          minmay_temple_entry_sparse_star, minmay_ruffians, uniq_maggie
D:8:      layout_layer_cave, vehumet_crystals, old_standard_altar,
          gammafunk_ghost_smash
D:9:      layout_basic, good_gods_mini_temple, lemuel_blue_sif_altar,
          nicolae_ru_great_annihilating_truth, serial_shops, shop,
          dk_vineyard_3, kennysheep_generic_room_2
D:10:     layout_irregular_city, lemuel_crystal_altar, serial_ice, serial_ice_b,
          serial_ice_i, serial_ice_o, serial_ice_c, nicolae_underground_beach,
          uniq_erica
D:11:     layout_basic, erik_lair_orcish_takeover
D:12:     layout_cross, hiddenorc1_lemuel, gauntlet_entry_generic, uniq_psyche
D:13:     layout_irregular_city, serial_shops, nicolae_lakefront_shop
D:14:     layout_layer_cave, grunt_vaults_entry_tiered
D:15:     grunt_enter_depths_magical_seal, layout_irregular_city
Lair:1:   layout_gridlike
Lair:2:   layout_roguey, minmay_swamp_entry_wisps, spider_nest_entry_a,
          lemuel_fruit_tree, grunt_megastairs_2, infiniplex_staircase_pool_2
Lair:3:   layout_layer_cave, chequers_serial_rivers_room_b, serial_bayou_shore_b
Lair:4:   layout_cave_pods, portal_ice_cave_entry_ice_simulacra
Lair:5:   beast_lair_carwin_large_4, layout_gridlike, minivault_19
Lair:6:   minmay_lair_end_frog_pond, layout_regular_city, slime_altar_1
Swamp:1:  layout_falls_marsh, gammafunk_ghost_hydra_chop,
          evilmike_swamp_ruin_house_3, swamp_pool1, nicolae_swamp_some_circles,
          infiniplex_staircase_pool, uniq_josephine
Swamp:2:  cheibrodos_swamp_monstrosity, layout_falls_marsh,
          ebering_ghost_rock_garden, nicolae_swamp_small_spring, swamp_pool1,
          uniq_louise
Swamp:3:  nicolae_swamp_long_stream, layout_basic_swamp,
          nicolae_swamp_fairy_circle, swamp_pool1
Swamp:4:  swamp_icy, layout_basic_swamp, swamp_pool1, nzn_swamp_dancing_lights
Spider:1: layout_cave_pods, nicolae_spider_nook
Spider:2: nicolae_spider_hilbert_zone_3 [nicolae_spider_hilbert_4_sides_2_open,
          nicolae_spider_hilbert_3_sides_1_open,
          nicolae_spider_hilbert_3_sides_1_open,
          nicolae_spider_hilbert_3_sides_1_open,
          nicolae_spider_hilbert_3_sides_1_open,
          nicolae_spider_hilbert_4_sides_1_open,
          nicolae_spider_hilbert_4_sides_1_open,
          nicolae_spider_hilbert_4_sides_1_open,
          nicolae_spider_hilbert_4_sides_1_open,
          nicolae_spider_hilbert_4_sides_1_open,
          nicolae_spider_hilbert_4_sides_1_open,
          nicolae_spider_hilbert_4_sides_1_open,
          nicolae_spider_hilbert_4_sides_1_open,
          nicolae_spider_hilbert_3_sides_1_open,
          nicolae_spider_hilbert_3_sides_1_open,
          nicolae_spider_hilbert_3_sides_1_open,
          nicolae_spider_hilbert_3_sides_1_open], ebering_ghost_rock_garden,
          hellmonk_motheaten_closet, uniq_asterion
Spider:3: layout_chambers
Spider:4: hellmonk_spider_rune_endless_swarm
Slime:1:  layout_caves
Slime:2:  layout_caves, uniq_dissolution
Slime:3:  layout_caves, cheibrodos_slime_lost_civilization_5
Slime:4:  layout_caves
Slime:5
Orc:1:    layout_diamond_mine
Orc:2:    kennysheep_orc_mage_school, layout_caves
Elf:1:    minmay_elf_arrival_circle, layout_loops_corners,
          minmay_elf_annihilation, hangedman_elven_ridges, uniq_agnes
Elf:2:    elven_hall_of_blades_hangedman_original
          [nicolae_vaults_blade_armed_guards], layout_onion_city, minivault_25
Elf:3:    elf_hall, layout_geoelf_octagon, roderic_roman_lattice
Vaults:1: gammafunk_ghost_fury_of_okawaru, grunt_vaults_funnel,
          nicolae_vaults_mini_display_case, v_alt_pattern_1,
          nicolae_vaults_theta, vaults_room_pools, dpeg_vaults_monster_box,
          nicolae_vaults_ninety_degrees, vaults_standard_mumra_lines,
          nicolae_vaults_network_star, ontoclasm_vaults_shuriken,
          ontoclasm_vaults_ring_small, layout_vaults_omnigrid, uniq_zenata
Vaults:2: vaults_standard_mumra_enter_the_diamond,
          minmay_crypt_entry_simple_corners, v_misc_32, v_misc_24,
          hangedman_vaults_trim, nicolae_vaults_display_case,
          hangedman_vaults_stagger, v_pattern_5,
          nicolae_vaults_diagonal_hallway_9, nicolae_vaults_three_branches,
          nicolae_vaults_little_ls, vaults_dpeg_diagonal,
          layout_vaults_chaotic_city, serial_shops, nicolae_shop_hallway_stairs
Vaults:3: nicolae_vaults_big_ls, vaults_room_stairs_pillars, vaults_dpeg_doors,
          vaults_room_pools, ontoclasm_vaults_decontamination,
          ontoclasm_vaults_bender, vaults_room_octagon,
          nicolae_vaults_circle_grid_b, vaults_room_fancy_cross,
          nicolae_vaults_border_crossing, ontoclasm_vaults_fault, kb_rosetta,
          grunt_vaults_focal, vaults_mumra_hexcomb, layout_vaults_maze_snakey
Vaults:4: infiniplex_enter_wizlab_spiral, hangedman_vaults_corner_blocks,
          hangedman_vaults_corner, vaults_room_fancy_cross, vaults_dpeg_ring,
          nicolae_vaults_ring_of_whatevers, vaults_dpeg_spiral, v_alt_pattern_2,
          ontoclasm_vaults_loading_screen, v_misc_25,
          hangedman_vaults_variations, nicolae_vaults_rhombus_5,
          vaults_mumra_lcd, serial_ice_b, nicolae_vaults_angled_halls,
          layout_vaults_ring
Vaults:5
Crypt:1:  layout_misc_corridors, grunt_megastairs_4,
          grunt_crypt_arrival_guarded_gate
Crypt:2:  layout_gridlike, st_stairs_4, lemuel_elevator, uniq_jory
Crypt:3:  due_elkab, layout_chaotic_city, corexii_leaking_fountain,
          uniq_margery, uniq_bai_suzhen, uniq_xtahua
Tomb:1
Depths:1: layout_gridlike, rand_demon_pan_entry_1,
          pf_vacation_house_of_asmodeus, nicolae_xom_altar_mimics,
          statue_in_the_mist_lemuel, water_maze_lemuel, uniq_mara
Depths:2: minmay_nine_rooms, layout_twisted_cross, rand_demon_pan_entry_5,
          grunt_metal_band, gammafunk_ghost_necromancy, nicolae_lava_and_water,
          uniq_sojobo
Depths:3: hangedman_cross_stitches, layout_basic, hangedman_decor_points,
          pf_hell_entry_tar_river, abyss_entry, minmay_misc_feat_five,
          uniq_saint_roka

Skill      XL: |  1  2  3  4  5  6  7  8  9 10 11 12 13 14 15 16 17 18 19 20 21 22 23 24 25 26 27 |
---------------+----------------------------------------------------------------------------------+-----
Maces & Flails | 1 2 3 4 6 7 8 10 11 12 13 14 15 16 | 16.2
Fighting       | 2 3 5 7 8 10 11 12 13 14 15 16 17 18 19 21 23 | 23.3
Armour         | 3 4 6 8 10 12 13 15 | 15.6
Invocations    | 1 5 6 8 10 11 12 13 14 15 16 17 18 20 22 24 | 24.2
Dodging        | 1 3 5 6 8 9 |  9.3
Evocations     | 3 5 6 7 8 |  8.0
Translocations | 4 6 |  6.4
Necromancy     | 4 5 10 | 10.8
Spellcasting   | 7 8 |  8.9
Shields        | 12 14 | 14.1
Earth Magic    | 7 9 |  9.3
Conjurations   | 7 9 |  9.7
Stealth        | |  1.1

Action                   |  1- 3 |  4- 6 |  7- 9 | 10-12 | 13-15 | 16-18 | 19-21 | 22-24 | 25-27 || total
-------------------------+-------+-------+-------+-------+-------+-------+-------+-------+-------++-------
Melee: Club              |   122 |       |       |       |       |       |       |       |       ||   122
       Mace              |     6 |    31 |       |       |       |       |       |       |       ||    37
       Flail             |       |    79 |    10 |       |       |       |       |       |       ||    89
       Dire flail        |       |       |   270 |   583 |  1396 |  1373 |    95 |       |       ||  3717
       Unarmed           |       |       |       |     3 |     2 |       |       |       |       ||     5
       Great mace        |       |       |       |       |       |   428 |   439 |       |       ||   867
       Eveningstar       |       |       |       |       |       |       |  1848 |  1190 |  1485 ||  4523
 Cast: Blink             |       |       |       |       |       |     8 |     3 |     2 |     1 ||    14
       Agony             |       |       |       |       |       |     5 |       |       |       ||     5
       Lesser Beckoning  |       |       |       |       |       |     4 |     1 |       |    10 ||    15
       Dispel Undead     |       |       |       |       |       |       |     7 |       |       ||     7
Invok: Slouch            |       |       |       |     4 |     9 |     8 |    17 |     9 |    13 ||    60
       Bend Time         |       |       |       |     1 |     3 |     1 |     6 |     4 |     1 ||    16
       Step From Time    |       |       |       |       |       |       |       |     1 |     1 ||     2
       Temporal Distorti |       |       |       |       |       |       |       |       |     1 ||     1
Evoke: Wand              |    10 |    10 |     5 |     8 |    10 |    42 |    18 |     6 |    13 ||   122
       Condenser vane    |       |       |       |       |     1 |     1 |     2 |       |     4 ||     8
       Phantom mirror    |       |       |       |       |       |     1 |       |       |       ||     1
  Use: Scroll            |       |    11 |     4 |     3 |    12 |    11 |    13 |    13 |    14 ||    81
       Potion            |       |     2 |     2 |     1 |     2 |    13 |    18 |     5 |    11 ||    54
 Stab: Sleeping          |     2 |       |       |     2 |     1 |       |       |       |       ||     5
       Betrayed ally     |       |       |       |     1 |       |       |       |       |       ||     1
       Distracted        |       |       |       |     4 |       |     1 |       |       |       ||     5
       Invisible         |       |       |       |       |     1 |       |     4 |       |       ||     5
       Confused          |       |       |       |       |       |     3 |       |       |       ||     3
       Paralysed         |       |       |       |       |       |     2 |       |       |       ||     2
Armor: Leather armour    |    51 |       |       |       |       |       |       |       |       ||    51
       Ring mail         |    18 |    75 |   194 |   380 |   366 |       |       |       |       ||  1033
       Skin              |       |       |       |     2 |       |       |       |       |       ||     2
       Ice dragon scales |       |       |       |       |   412 |  1660 |    35 |       |       ||  2107
       Plate armour      |       |       |       |       |       |       |  1458 |   930 |   787 ||  3175
Dodge: Dodged            |    78 |    49 |   163 |   411 |   944 |  1492 |  1739 |   979 |   742 ||  6597
Block: Other             |       |       |       |    16 |   346 |   520 |   204 |       |       ||  1086
       Reflection        |       |       |       |       |     6 |     6 |    33 |    17 |   133 ||   195
       Kite shield       |       |       |       |       |       |       |  1938 |  1585 |  1888 ||  5411

Table legend: (Time is in decaauts)
 A = Elapsed time spent in this place.
 B = Non-inter-level travel time spent in this place.
 C = Inter-level travel time spent in this place.
 D = Time resting spent in this place.
 E = Time spent auto-exploring this place.
 F = Levels seen in this place.
 G = Mean time per level.
                   A        B        C        D        E       F      G
               +--------+--------+--------+--------+--------+-----+--------+
         Total |  92950 |  85976 |   6974 |  10072 |  56500 |  61 | 1523.8 |
       Dungeon |  25038 |  22927 |   2111 |   4863 |  14826 |  15 | 1669.2 |
          Lair |  10207 |   8752 |   1455 |    290 |   7145 |   6 | 1701.2 |
         Swamp |   5018 |   4575 |    443 |     85 |   3444 |   4 | 1254.5 |
   Spider Nest |   9366 |   8966 |    400 |   1123 |   6091 |   4 | 2341.5 |
    Slime Pits |   3252 |   2981 |    271 |     86 |   1805 |   5 |  650.4 |
  Orcish Mines |   3809 |   3100 |    709 |      5 |   2016 |   2 | 1904.5 |
   Elven Halls |   4713 |   4582 |    131 |     11 |   3568 |   3 | 1571.0 |
        Vaults |  13692 |  12916 |    776 |   2243 |   7501 |   5 | 2738.4 |
         Crypt |   5993 |   5580 |    413 |    514 |   3809 |   3 | 1997.7 |
          Tomb |   2004 |   1837 |    167 |    218 |    995 |   1 | 2004.0 |
        Depths |   3742 |   3648 |     94 |    333 |   2371 |   3 | 1247.3 |
         Abyss |   3708 |   3708 |      0 |     80 |   2143 |   7 |  529.7 |
      Ice Cave |    826 |    826 |      0 |    169 |    350 |   1 |  826.0 |
        Wizlab |    750 |    750 |      0 |      0 |    368 |   1 |  750.0 |
      Gauntlet |    826 |    826 |      0 |     48 |     63 |   1 |  826.0 |
               +--------+--------+--------+--------+--------+-----+--------+

Top non-repeatable levels by time:
Vaults:1: 3829 daAuts
Vaults:2: 3118 daAuts
Vaults:4: 2946 daAuts
   Orc:2: 2828 daAuts
Spider:4: 2697 daAuts
Vaults:5: 2682 daAuts
    D:14: 2300 daAuts
 Crypt:3: 2267 daAuts
Spider:1: 2254 daAuts
Spider:3: 2237 daAuts
Spider:2: 2176 daAuts
     D:9: 2160 daAuts
     D:5: 2145 daAuts
     D:8: 2120 daAuts
  Tomb:1: 2004 daAuts
